 Dungeon Crawl Stone Soup version 0.29.1-2-gbd0b4ee654 (webtiles) character file.

Game seed: 10793557424349931712

50 DemonSlayer the Digger (level 3, -3/24 HPs)
             Began as a Demonspawn Earth Elementalist on Nov 25, 2022.
             Killed by divine providence
             ... invoked by an orc priest
              (15 damage)
             ... on level 2 of the Dungeon.
             The game lasted 00:03:06 (1520 turns).

DemonSlayer the Digger (DsEE)                       Turns: 1520, Time: 00:03:07

Health: -3/24      AC:  3    Str: 10    XL:     3   Next: 55%
Magic:  1/6        EV: 12    Int: 16    God:
Gold:   69         SH:  3    Dex: 13    Spells: 6/7 levels left

rFire   . . .      SeeInvis .   h - +0 dagger
rCold   . . .      Faith    .   i - +0 buckler
rNeg    . . .      Spirit   .   a - +0 robe
rPois   .          Reflect  .   (no helmet)
rElec   .          Harm     .   e - +0 cloak
rCorr   .          Rampage  .   (no gloves)
Will    .....                   (no boots)
Stlth   ++........              (no amulet)
HPRegen 0.08/turn               (no ring)
MPRegen 0.10/turn               (no ring)

@: attractive
A: claws 1
a: no special abilities


You were on level 2 of the Dungeon.
You visited 1 branch of the dungeon, and saw 2 of its levels.

You collected 69 gold pieces.

Inventory:

Hand Weapons
 h - a +0 dagger (weapon)
Armour
 a - a +0 robe (worn)
 e - a +0 cloak (worn)
 i - a +0 buckler (worn)
Scrolls
 g - 4 scrolls of identify {unknown}
 j - a scroll of poison {unknown}
 k - a scroll of enchant armour {unknown}
 l - a scroll of teleportation {unknown}
 m - a scroll of immolation {unknown}
 n - a scroll of enchant weapon {unknown}
 o - a scroll of blinking {unknown}
Potions
 c - a potion of attraction
 f - a potion of heal wounds {unknown}


   Skills:
 + Level 0.1 Short Blades
 + Level 2.1 Dodging
 + Level 1.7 Stealth
 + Level 0.7 Shields
 + Level 2.5 Spellcasting
 + Level 0.8 Transmutations
 + Level 3.4 Earth Magic


You had 6 spell levels left.
You knew the following spells:

 Your Spells              Type           Power      Damage    Failure   Level
a - Sandblast             Erth           24%        2d8       7%          1

Your spell library contained the following spells:

 Spells                   Type           Power      Damage    Failure   Level
 Passwall                 Tmut/Erth      6%         N/A       17%         2
 Magic Dart               Conj           8%         1d3       26%         1
 Stone Arrow              Conj/Erth      14%        3d7       36%         3
 Call Imp                 Summ           2%         N/A       38%         2
 Mephitic Cloud           Conj/Pois/Air  2%         N/A       63%         3
 Petrify                  Tmut/Erth      8%         N/A       73%         4


Dungeon Overview and Level Annotations

Branches:
Dungeon (2/15)

Altars:


Innate Abilities, Weirdness & Mutations

You have sharp fingernails.


Message History

Press: ? - help, Shift-Dir - straight line, f - orc priest
Aim: an orc priest, wielding a +0 trident and wearing a +0 scale mail (84% to hit)
The blast of sand hits the orc priest but does no damage.
The orc priest misses you.
Casting: Sandblast (safe; 7% risk of failure)
Confirm with . or Enter, or press ? or * to list all spells.
Aiming: Sandblast (safe; 7% risk of failure)
Press: ? - help, Shift-Dir - straight line, f/p - orc priest
Aim: an orc priest, wielding a +0 trident and wearing a +0 scale mail (84% to hit)
The blast of sand hits the orc priest.
The orc priest is moderately wounded.
The orc priest barely misses you.
The orc priest hits you from afar with a +0 trident.
Casting: Sandblast (safe; 7% risk of failure)
Confirm with . or Enter, or press ? or * to list all spells.
Aiming: Sandblast (safe; 7% risk of failure)
Press: ? - help, Shift-Dir - straight line, f/p - orc priest
Aim: an orc priest, wielding a +0 trident and wearing a +0 scale mail (moderately wounded, 84% to hit)
The blast of sand hits the orc priest but does no damage.
The orc priest is moderately wounded.
The orc priest hits you from afar with a +0 trident.
* * * LOW HITPOINT WARNING * * *
It was a potion of attraction.
You feel attractive to monsters. The orc priest closely misses you.
The orc priest is attracted toward you. The orc is attracted toward you.
It was a potion of curing.
You feel better.
The orc priest hits you with a +0 trident.
Casting: Sandblast (safe; 7% risk of failure)
Confirm with . or Enter, or press ? or * to list all spells.
Aiming: Sandblast (safe; 7% risk of failure)
Press: ? - help, Shift-Dir - straight line, f/p - orc priest
Aim: an orc priest, wielding a +0 trident and wearing a +0 scale mail (moderately wounded, 84% to hit)
The blast of sand hits the orc priest.
The orc priest is heavily wounded.
The orc priest miscasts a cantrip.
The orc priest invokes the aid of Beogh against you.
Beogh smites you!
Ouch! That really hurt!
You die...

#. #.#.## #. #. #o## #.
# #. #.# #####†
##.#.###o# #.....
##...)..#.# #.###.
.......§..# #.# #.
#####.#o### #.###. #
#o# #..... #@# ###.##
#.# #.# #.# #########.#
#######.#####.........#
..............#.#######
#############...# #####


You could see an orc priest and an orc.

Vanquished Creatures
  An adder (D:2)
  2 dart slugs (D:1)
  2 orcs (D:2)
  2 ball pythons (D:1)
  4 bats
  2 endoplasms
  A giant cockroach (D:2)
  4 goblins
  3 hobgoblins
  A quokka (D:1)
  4 frilled lizards
  4 kobolds
  5 rats
35 creatures vanquished.

Notes
Turn   | Place    | Note
-------+----------+-------------------------------------------
     0 | D:1      | DemonSlayer the Demonspawn Earth Elementalist began the
                  | quest for the Orb.
     0 | D:1      | Reached XP level 1. HP: 13/13 MP: 3/3
   283 | D:1      | Reached skill level 3 in Earth Magic
   283 | D:1      | Discovered your monstrous ancestry.
   283 | D:1      | Gained mutation: You have sharp fingernails. [demonic
                  | ancestry]
   283 | D:1      | Reached XP level 2. HP: 19/19 MP: 3/5
  1186 | D:2      | Reached XP level 3. HP: 24/24 MP: 4/6
  1520 | D:2      | Killed from afar by an orc priest

Illustrated notes

Levels and vault maps discovered:
D:1:      zelgadis_glass_arrival_small, layout_basic
D:2:      cheibrodos_pilgrimage, layout_loops_ring, nrook_mini_vaults

Skill      XL: |  1 |
---------------+----+-----
Dodging        | 2 |  2.1
Earth Magic    | 3 |  3.4
Short Blades   | |  0.1
Stealth        | |  1.7
Shields        | |  0.7
Spellcasting   | |  2.5
Transmutations | |  0.8

Action                   || total
-------------------------++-------
Melee: Short sword       ||     7
       Dagger            ||     7
 Cast: Sandblast         ||    46
  Use: Potion            ||     3
 Stab: Sleeping          ||     4
Armor: Robe              ||    11
Dodge: Dodged            ||    22
Block: Buckler           ||     4
